[Event "Early-Titled-Tuesday-Blitz-March-12-2024"]
[Site "Chess.com"]
[Date "2024.03.12"]
[Round "4"]
[White "Hanging_pointer"]
[Black "suyu28"]
[Result "1-0"]
[WhiteElo "2697"]
[BlackElo "2881"]
[TimeControl "180+1"]
[EndTime "8:37:59 PDT"]
[Termination "Hanging_pointer won on time"]

1. d4 Nf6 2. c4 e6 3. Nf3 b6 4. Nc3 Bb4 5. Qc2 Bb7 6. Bg5 h6 7. Bxf6 Qxf6 8. a3 Bxc3+ 9. Qxc3 O-O 10. g3 d6 11. Bg2 Nd7 12. O-O Rfe8 13. Rfe1 Be4 14.
Rad1 Rad8 15. b4 c5 16. Qe3 Ba8 17. dxc5 dxc5 18. Rd6 cxb4 19. axb4 Bxf3 20. exf3 Nf8 21. Rxd8 Rxd8 22. c5 bxc5 23. bxc5 Qb2 24. c6 Qc2 25. f4 Rd1 26. Bf3 Rxe1+ 27. Qxe1 Qc5 28. Qb1 a5 29. Qb8 Qc3 30. Kg2 e5 31. fxe5 1-0

[Event "Early-Titled-Tuesday-Blitz-March-12-2024"]
[Site "Chess.com"]
[Date "2024.03.12"]
[Round "4"]
[White "dealshark"]
[Black "ulises2013"]
[Result "0-1"]
[WhiteElo "2326"]
[BlackElo "2706"]
[TimeControl "180+1"]
[EndTime "8:38:03 PDT"]
[Termination "ulises2013 won by resignation"]

1. Nf3 g6 2. e4 Bg7 3. d4 c5 4.
Be3 Nf6 5. Nbd2 Ng4 6. Bc4 O-O 7. O-O Nc6 8. d5 Nxe3 9. fxe3 Ne5 10. Nxe5 Bxe5 11.
c3 d6 12. Nf3 Bg7 13. Qe1 b5 14. Bd3 Rb8 15. Qh4 b4 16. cxb4 Rxb4 17. a3 Rxb2 18. e5 e6 19. dxe6 Bxe6 20. Qg3 dxe5 21. Nxe5 Qd5 22. Nc4 Qxd3 23. Nxb2 Bxb2 24. Rad1 Qxa3 25. Rd6 Qb3 26. h3 Bg7 27. Rfd1 a5 28.
Rd8 a4 29. Rxf8+ Bxf8 30. Rd8 Qb1+ 31. Kh2 Qb6 32. Rb8 Qc6 33. Rd8 c4 34. Qe5 c3 35.
Rd3 c2 0-1

[Event "Early-Titled-Tuesday-Blitz-March-12-2024"]
[Site "Chess.com"]
[Date "2024.03.12"]
[Round "4"]
[White "AlexPapasimakopoulos"]
[Black "Road2GM3000"]
[Result "1-0"]
[WhiteElo "2712"]
[BlackElo "2484"]
[TimeControl "180+1"]
[EndTime "8:38:07 PDT"]
[Termination "AlexPapasimakopoulos won by resignation"]

1. d4 d5 2. c4 c6 3. cxd5 cxd5 4.
Bf4 Nf6 5. Nc3 Nc6 6. e3 a6 7.
Bd3 Bg4 8. Nge2 e6 9. f3 Bh5 10. O-O Bd6 11. Rc1 O-O 12. Na4 Bg6 13. Nc5 Bxc5 14. Rxc5 Qe7 15. Bg5 Rfc8 16. Nf4 Bxd3 17. Nxd3 h6 18. Bxf6 Qxf6 19. Qb3 Qe7 20. Rfc1 Na7 21.
Qb6 Rxc5 22. Rxc5 Nc8 23. Qc7 Qxc7 24. Rxc7 Nd6 25. Rd7 Nc4 26. Kf2 b5 27. b3 Nb6 28.
Rd6 Nc8 29. Rd8+ Kh7 30. Ne5 f6 31. Nd7 Kg6 32. Nc5 Kf7 33. Rd7+ Kf8 34. Nxe6+ Ke8 35.
Rxg7 Ne7 36. Nc7+ Kf8 37. Rxe7 Kxe7 38. Nxa8 1-0

[Event "Early-Titled-Tuesday-Blitz-March-12-2024"]
[Site "Chess.com"]
[Date "2024.03.12"]
[Round "4"]
[White "lilylg"]
[Black "Russian_berezka"]
[Result "0-1"]
[WhiteElo "2173"]
[BlackElo "2577"]
[TimeControl "180+1"]
[EndTime "8:38:13 PDT"]
[Termination "Russian_berezka won by checkmate"]

1. d4 f5 2. c4 Nf6 3. g3 g6 4.
Bg2 Bg7 5. Nc3 O-O 6. b3 d6 7. Nf3 e5 8. dxe5 dxe5 9. Qxd8 Rxd8 10. Bb2 e4 11. Nd2 a6 12. e3 Nc6 13. Ne2 Nb4 14.
Bxf6 Bxf6 15. Rb1 Nxa2 16. Nxe4 fxe4 17. Bxe4 Nc3 18. Nxc3 Bxc3+ 19. Kf1 Bh3+ 20. Bg2 Bf5 21. e4 Be6 22. f4 Rd2 23. Rc1 Bb4 24. e5 Rad8 25. Bxb7 Bh3+ 26. Kg1 Bc5# 0-1

[Event "Early-Titled-Tuesday-Blitz-March-12-2024"]
[Site "Chess.com"]
[Date "2024.03.12"]
[Round "4"]
[White "DenLaz"]
[Black "ActorXu"]
[Result "1-0"]
[WhiteElo "3047"]
[BlackElo "2866"]
[TimeControl "180+1"]
[EndTime "8:38:20 PDT"]
[Termination "DenLaz won by resignation"]

1. d4 Nf6 2. c4 e6 3. Nf3 d5 4. g3 Be7 5. Bg2 O-O 6. O-O dxc4 7. Qc2 a6 8. a4 Bd7 9. Qxc4 Bc6 10. Bf4 Bd6 11. Bg5 Nbd7 12. Nc3 h6 13. Bxf6 Nxf6 14. Rfd1 a5 15. e3 Bxf3 16. Bxf3 c6 17. e4 Bb4 18. Kg2 Qe7 19. e5 Nd5 20. Ne4 Rac8 21. h4 Rfd8 22. Rac1 Qc7 23. h5 Bf8 24. Nc3 Nb4 25. Be4 b6 26. Qe2 Qb8 27. Bb1 Nd5 28. Nxd5 Rxd5 29. Qe4 g6 30. hxg6 Qb7 31. Ba2 Rdd8 32. gxf7+ Qxf7 33. Rxc6 Rxc6 34. Qxc6 Re8 35. Rd3 Qh5 36.
Bxe6+ Kh8 37. Rf3 Bg7 38. Bf7 1-0

[Event "Early-Titled-Tuesday-Blitz-March-12-2024"]
[Site "Chess.com"]
[Date "2024.03.12"]
[Round "4"]
[White "Flawless_Fighter"]
[Black "Alex_Banzea"]
[Result "1-0"]
[WhiteElo "2839"]
[BlackElo "2625"]
[TimeControl "180+1"]
[EndTime "8:38:20 PDT"]
[Termination "Flawless_Fighter won by resignation"]

1. e4 c5 2. Nf3 g6 3. c3 d5 4.
exd5 Qxd5 5. d4 cxd4 6. cxd4 Bg7 7. Nc3 Qd8 8. Be3 Nf6 9. Bc4 O-O 10. O-O Bg4 11. h3 Bxf3 12. Qxf3 Nc6 13. Rad1 Rc8 14.
Bb3 Na5 15. Rfe1 Nxb3 16. axb3 Qb6 17. Bg5 Qxb3 18. Rxe7 Qxb2 19. Na4 Qb4 20. Nc5 b6 21. Bxf6 Bxf6 22. Qxf6 bxc5 23. d5 c4 24. d6 Qb3 25.
Rde1 c3 26. d7 Rb8 27. Re8 Qb6 28. Qxb6 axb6 29. Rxb8 1-0

[Event "Early-Titled-Tuesday-Blitz-March-12-2024"]
[Site "Chess.com"]
[Date "2024.03.12"]
[Round "4"]
[White "geminithegreat"]
[Black "JoliyRoger"]
[Result "0-1"]
[WhiteElo "2217"]
[BlackElo "2425"]
[TimeControl "180+1"]
[EndTime "8:38:20 PDT"]
[Termination "JoliyRoger won on time"]

1. d4 d5 2. c4 e6 3. Nf3 c5 4.
e3 cxd4 5. exd4 Nf6 6. Nc3 Bb4 7. Be2 dxc4 8. Bxc4 Nc6 9. O-O O-O 10. d5 Na5 11.
Be2 Bxc3 12. bxc3 Nxd5 13. c4 Nf6 14. Ba3 Re8 15. Qc2 Nc6 16. Rfd1 Qa5 17. Qb3 b6 18.
Rd6 Bb7 19. Rad1 h6 20. Bb2 Qf5 21. Qa4 Na5 22. Bc3 Ne4 23. Bxa5 Nxd6 24. Be1 Ne4 25.
Nd4 Nc5 26. Qa3 Qg6 27. f3 Red8 28. Bf2 e5 29. Nb5 Rxd1+ 30. Bxd1 Qb1 0-1

[Event "Early-Titled-Tuesday-Blitz-March-12-2024"]
[Site "Chess.com"]
[Date "2024.03.12"]
[Round "4"]
[White "Zheenbekov86"]
[Black "david_gomez"]
[Result "0-1"]
[WhiteElo "2433"]
[BlackElo "2616"]
[TimeControl "180+1"]
[EndTime "8:38:21 PDT"]
[Termination "david_gomez won on time"]

1. d4 d5 2. Nf3 c5 3. e3 e6 4. b3 Nf6 5. Bb2 Nc6 6. Nbd2 Bd6 7.
Ne5 O-O 8. Bd3 Qc7 9. Nxc6 bxc6 10. h3 cxd4 11. exd4 e5 12. dxe5 Bxe5 13. Bxe5 Qxe5+ 14. Kf1 c5 15. Nf3 Qd6 16. g3 Bb7 17. Kg2 d4 18.
Re1 Nd5 19. Qd2 Nc3 20. Qf4 Qc6 21. h4 Rfe8 22. a4 Re6 23. Rxe6 fxe6 24. Bb5 Qe4 0-1

[Event "Early-Titled-Tuesday-Blitz-March-12-2024"]
[Site "Chess.com"]
[Date "2024.03.12"]
[Round "4"]
[White "Langusto"]
[Black "PetrolulSah"]
[Result "1-0"]
[WhiteElo "2515"]
[BlackElo "2229"]
[TimeControl "180+1"]
[EndTime "8:38:25 PDT"]
[Termination "Langusto won by resignation"]

1. e4 e5 2. Nf3 Nf6 3. Nc3 Nc6 4.
Bb5 Bb4 5. O-O O-O 6. d3 d6 7.
Ne2 Ne7 8. c3 Ba5 9. Ng3 Ng6 10.
d4 c6 11. Bd3 Re8 12. h3 Nf4 13. Bc2 Nxh3+ 14. gxh3 Bxh3 15. Re1 Bg4 16. Qd3 Nh5 17. Nh2 Qh4 18. Nxg4 Qxg4 19. Qe2 Qxe2 20. Rxe2 Nxg3 21. fxg3 exd4 22. cxd4 Bb6 23. Be3 f5 24. Bf2 fxe4 25.
Rxe4 Rxe4 26. Bxe4 Re8 27. Re1 g6 28. d5 Ba5 29. Re2 c5 30. Bd3 Rc8 31. b3 Kf7 32.
Kg2 a6 33. Be1 Bd8 34. Bc3 b5 35. Rf2+ Kg8 36. Be2 Bg5 37. Bg4 1-0

[Event "Early-Titled-Tuesday-Blitz-March-12-2024"]
[Site "Chess.com"]
[Date "2024.03.12"]
[Round "4"]
[White "FormerProdigy"]
[Black "Defend1r"]
[Result "1-0"]
[WhiteElo "2984"]
[BlackElo "2741"]
[TimeControl "180+1"]
[EndTime "8:38:26 PDT"]
[Termination "FormerProdigy won by checkmate"]

1. d4 Nf6 2. c4 e6 3. Nc3 Bb4 4. e3 b6 5. Ne2 Bb7 6. a3 Be7 7.
d5 d6 8. Nf4 Qd7 9. e4 a5 10. Bd3 Na6 11. Bc2 Nc5 12. Be3 e5 13.
Bxc5 bxc5 14. Ba4 c6 15. dxc6 Bxc6 16. Bxc6 Qxc6 17. Nfd5 Nxd5 18. Nxd5 Ra7 19. O-O a4 20. b4 axb3 21. Qxb3 O-O 22. Qb5 Qa8 23. Rfb1 Bg5 24. a4 Ra5 25. Qd7 Ra7 26. Qxd6 Rxa4 27. Rxa4 Qxa4 28. Qxc5 Qc2 29. Qxf8+ Kxf8 30. Rb8+ Bd8 31.
Rxd8# 1-0

[Event "Early-Titled-Tuesday-Blitz-March-12-2024"]
[Site "Chess.com"]
[Date "2024.03.12"]
[Round "4"]
[White "Bkmzzzzz"]
[Black "Alexchess1984"]
[Result "0-1"]
[WhiteElo "2415"]
[BlackElo "2745"]
[TimeControl "180+1"]
[EndTime "8:38:26 PDT"]
[Termination "Alexchess1984 won by resignation"]

1. e4 c5 2. Nf3 g6 3. c3 Bg7 4. d4 cxd4 5. cxd4 d5 6. e5 Bg4 7.
Be2 Nc6 8. O-O Bxf3 9. Bxf3 e6 10. Nc3 Nge7 11. Bg5 O-O 12. Qd2 a6 13. Na4 h6 14.
Be3 Nf5 15. Rac1 Qe7 16. a3 h5 17. b4 Nxe3 18. fxe3 Bh6 19. Be2 Rac8 20. Nc5 Qg5 21.
Rf3 b6 22. Nd7 Nxd4 23. Rg3 Rxc1+ 0-1

[Event "Early-Titled-Tuesday-Blitz-March-12-2024"]
[Site "Chess.com"]
[Date "2024.03.12"]
[Round "4"]
[White "StankovicIvan"]
[Black "Egor_Koshulyan"]
[Result "1-0"]
[WhiteElo "2542"]
[BlackElo "2757"]
[TimeControl "180+1"]
[EndTime "8:38:28 PDT"]
[Termination "StankovicIvan won by resignation"]

1. e4 c5 2. c4 Nc6 3. Nc3 g6 4. g3 Bg7 5. Bg2 e6 6. Nge2 Nge7 7. d3 O-O 8. Be3 d6 9. d4 b6 10. O-O Bb7 11. Rc1 Rc8 12. b3 e5 13. dxe5 dxe5 14.
Nd5 Nd4 15. Nxd4 cxd4 16. Bg5 f6 17. Bd2 f5 18. Bb4 Nxd5 19. cxd5 Rf7 20. Qd3 f4 21. Bh3 Rxc1 22. Rxc1 Rc7 23. Be6+ Kh8 24. Rxc7 Qxc7 25. Qc4 Qxc4 26. bxc4 Ba6 27. d6 Bf6 28. Kf1 Kg7 29.
Ke2 fxg3 30. hxg3 Bd8 31. Kd3 Kf6 32. Bh3 g5 33. f4 gxf4 34. gxf4 h5 35. Be1 b5 36.
fxe5+ Kf7 37. e6+ Kf6 38. Bh4+ Ke5 39. Bg3+ Kf6 40. Kxd4 bxc4 41. Bh4+ 1-0

[Event "Early-Titled-Tuesday-Blitz-March-12-2024"]
[Site "Chess.com"]
[Date "2024.03.12"]
[Round "4"]
[White "rikchessmx"]
[Black "Bilan_Danila"]
[Result "0-1"]
[WhiteElo "2293"]
[BlackElo "2562"]
[TimeControl "180+1"]
[EndTime "8:38:29 PDT"]
[Termination "Bilan_Danila won by resignation"]

1. e4 c6 2. d4 d5 3. Nc3 b5 4. exd5 b4 5. Nce2 cxd5 6. Ng3 Nf6 7. h3 g6 8. Nf3 Bg7 9. a3 bxa3 10. Rxa3 O-O 11.
Bd3 a5 12. Bd2 Nc6 13. c3 Ba6 14. Bxa6 Rxa6 15. O-O Rb6 16. Bc1 Qd6 17. Re1 Nd7 18.
Qe2 e5 19. dxe5 Ndxe5 20. Nxe5 Bxe5 21. Nf1 Bg7 22. Nd2 Rb7 23. Qa6 Rfb8 24. Nf3 Rb6 25. Qd3 d4 26. g3 Qd7 27. cxd4 Nxd4 28. Ne5 Qd5 29. Nc4 Re6 30. Rxe6 Qxe6 31. Be3 Nf3+ 32. Kg2 Ne1+ 0-1

[Event "Early-Titled-Tuesday-Blitz-March-12-2024"]
[Site "Chess.com"]
[Date "2024.03.12"]
[Round "4"]
[White "rhwr"]
[Black "only_strong_moves"]
[Result "0-1"]
[WhiteElo "2278"]
[BlackElo "2538"]
[TimeControl "180+1"]
[EndTime "8:38:30 PDT"]
[Termination "only_strong_moves won on time"]

1. e4 c5 2. Nf3 e6 3. d4 cxd4 4.
Nxd4 Nf6 5. Nc3 Bb4 6. Bd3 Bxc3+ 7. bxc3 e5 8. Nf5 O-O 9. O-O d5 10. Ng3 Nc6 11. exd5 Nxd5 12. Bb2 Nf4 13. c4 Qb6 14. Rb1 Qa5 15. Re1 Rd8 16. Qf3 Nxd3 17. cxd3 Be6 18.
a3 Rac8 19. Nf5 Bxf5 20. Qxf5 Rc7 21. Re3 Rcd7 22. Rg3 g6 23. Qe4 Qd2 24. Bxe5 Re8 25. Bf4 Rxe4 26. Bxd2 Re2 27. Bc3 Rc2 28. Bb2 Rd2 29.
Re3 Kf8 30. Kf1 R2xd3 31. Rxd3 Rxd3 32. Ke2 Rb3 33. Kd2 Na5 34. Kc2 Ke8 35. Re1+ Kd7 0-1

[Event "Early-Titled-Tuesday-Blitz-March-12-2024"]
[Site "Chess.com"]
[Date "2024.03.12"]
[Round "4"]
[White "MightyMike_009"]
[Black "vi_pranav"]
[Result "0-1"]
[WhiteElo "2864"]
[BlackElo "3043"]
[TimeControl "180+1"]
[EndTime "8:38:32 PDT"]
[Termination "vi_pranav won by resignation"]

1. d4 Nf6 2. c4 e6 3. Nc3 Bb4 4. e3 O-O 5. Bd2 b6 6. Nf3 Bb7 7. Bd3 d6 8. Qc2 Nbd7 9. O-O Re8 10. Ng5 Nf8 11. a3 Bxc3 12. Bxc3 e5 13. d5 Bc8 14. f4 h6 15. fxe5 dxe5 16. Ne4 Nxe4 17. Bxe4 Rb8 18. b4 Qg5 19. Qf2 f5 20. Bc2 Ng6 21.
Rae1 Rf8 22. Qg3 Qf6 23. Bxf5 Bxf5 24. e4 Nf4 25. exf5 Qxf5 26. Bxe5 Ne2+ 0-1

[Event "Early-Titled-Tuesday-Blitz-March-12-2024"]
[Site "Chess.com"]
[Date "2024.03.12"]
[Round "4"]
[White "sorch29"]
[Black "shirovin"]
[Result "1-0"]
[WhiteElo "2484"]
[BlackElo "2081"]
[TimeControl "180+1"]
[EndTime "8:38:35 PDT"]
[Termination "sorch29 won on time"]

1. c4 e5 2. Nc3 Nc6 3. Nf3 Nf6 4. e4 Bc5 5. Nxe5 Nxe5 6. d4 Bxd4 7. Qxd4 Nc6 8. Qd1 h6 9. Be3 d6 10. f3 O-O 11.
Qd2 Be6 12. O-O-O a6 13. Nd5 Rb8 14. g4 Bxd5 15. cxd5 Ne5 16. Be2 Nfd7 17. h4 b5 18. g5 h5 19. f4 Ng4 20. Bxg4 hxg4 21. Bd4 Nb6 22. h5 Nc4 23. Qh2 Re8 24. h6 f6 25.
hxg7 Kxg7 26. Qh7+ 1-0

[Event "Early-Titled-Tuesday-Blitz-March-12-2024"]
[Site "Chess.com"]
[Date "2024.03.12"]
[Round "4"]
[White "Kotlyar_K"]
[Black "waltereador"]
[Result "1/2-1/2"]
[WhiteElo "2603"]
[BlackElo "2329"]
[TimeControl "180+1"]
[EndTime "8:38:36 PDT"]
[Termination "Game drawn by repetition"]

1. f4 d5 2. Nf3 c5 3. g3 Nc6 4. Bg2 Nf6 5. O-O Bg4 6. d3 e6 7. Nc3 Bd6 8. e4 dxe4 9. dxe4 Nd4 10. e5 Bxe5 11. fxe5 Nd7 12. Bf4 g5 13. Be3 Nxe5 14. Bxd4 cxd4 15. Ne4 d3 16. Nf2 Qb6 17. Kh1 Nxf3 18. Bxf3 dxc2 19. Qe2 Bxf3+ 20. Qxf3 O-O-O 21. Rac1 Rd2 22. Qc3+ Qc6+ 23. Qxc6+ bxc6 24. Ne4 Re2 25. Nxg5 f5 26. Nf3 Rd8 27. Kg1 Rd3 28. Ne1 Rdd2 29.
h3 h5 30. h4 Kc7 31. Kh1 a5 32. Nf3 Rd3 33. Kg1 a4 34. Rf2 Rd1+ 35. Rf1 Rd3 36. Rf2 Rd1+ 37. Rf1 Rd3 1/2-1/2

[Event "Early-Titled-Tuesday-Blitz-March-12-2024"]
[Site "Chess.com"]
[Date "2024.03.12"]
[Round "4"]
[White "SharapovEvgeny"]
[Black "IndianSchoolOfSuffering"]
[Result "1-0"]
[WhiteElo "2525"]
[BlackElo "2396"]
[TimeControl "180+1"]
[EndTime "8:38:39 PDT"]
[Termination "SharapovEvgeny won by resignation"]

1. e4 c5 2. Nf3 d6 3. d4 cxd4 4.
Nxd4 Nf6 5. f3 e5 6. Nb3 a6 7. c4 Be6 8. Nc3 Nbd7 9. Be3 Rc8 10. Nd5 Bxd5 11. cxd5 Be7 12. Be2 O-O 13. O-O a5 14. Bb5 Ne8 15. Bxd7 Qxd7 16. Nxa5 f5 17. Qb3 fxe4 18.
fxe4 Nf6 19. Nc4 Bd8 20. Bg5 Nxe4 21. Rxf8+ Kxf8 22. Rf1+ Kg8 23. Nxe5 Qe8 24. Bxd8 Rxd8 25. Qf3 Nf6 26. Ng4 Nxg4 27. Qxg4 Qe5 28. Qe6+ Qxe6 29. dxe6 Re8 30. Re1 Kf8 31. e7+ Kf7 32. Kf2 d5 33. a4 d4 34. Re4 Kf6 35. Ke2 Kf5 36. Kd3 1-0

[Event "Early-Titled-Tuesday-Blitz-March-12-2024"]
[Site "Chess.com"]
[Date "2024.03.12"]
[Round "4"]
[White "Mikhail_Golubev"]
[Black "Msb2"]
[Result "0-1"]
[WhiteElo "2705"]
[BlackElo "3003"]
[TimeControl "180+1"]
[EndTime "8:38:43 PDT"]
[Termination "Msb2 won by resignation"]

1. e4 e6 2. d4 d5 3. Nc3 Nf6 4.
Bg5 dxe4 5. Nxe4 Be7 6. Bxf6 Bxf6 7. Nf3 Nd7 8. Qd2 Be7 9. O-O-O O-O 10. Bd3 c5 11.
dxc5 Qc7 12. Rhe1 b6 13. c6 Qxc6 14. Neg5 Nf6 15. Ne5 Qc7 16. Bc4 b5 17. Bb3 a5 18.
Nexf7 Rxf7 19. Rxe6 Bxe6 20. Nxe6 Qb6 21. Ng5 Rf8 22. Qe2 a4 23. Bxf7+ Rxf7 24. Nxf7 Kxf7 25. Qf3 Qc5 26. a3 b4 27. axb4 Qxb4 28. h3 h6 29. Qd3 Kg8 30. Qd2 Qc4 31. Qd3 Qa2 32. c3 a3 33. Qb1 axb2+ 34. Kc2 Qa4+ 35. Kxb2 Ne4 36.
Rd4 Qa3+ 0-1

[Event "Early-Titled-Tuesday-Blitz-March-12-2024"]
[Site "Chess.com"]
[Date "2024.03.12"]
[Round "4"]
[White "sansanathalia"]
[Black "DrCeltic"]
[Result "1-0"]
[WhiteElo "2361"]
[BlackElo "2533"]
[TimeControl "180+1"]
[EndTime "8:38:45 PDT"]
[Termination "sansanathalia won by checkmate"]

1. e4 c5 2. Nf3 e6 3. Nc3 d6 4. d4 cxd4 5. Qxd4 a6 6. Bg5 Nf6 7. O-O-O Nc6 8. Qd2 h6 9. Bxf6 Qxf6 10. Na4 Qd8 11. h4 Be7 12. g4 b5 13. Nc3 Qa5 14.
Kb1 Bb7 15. Bg2 Rd8 16. g5 h5 17. Nd4 g6 18. f4 O-O 19. Nxc6 Bxc6 20. Nd5 Qxd2 21.
Nxe7+ Kg7 22. Rxd2 Bb7 23. f5 exf5 24. exf5 Bxg2 25. Rxg2 gxf5 26. Nxf5+ Kg6 27. Ne7+ Kg7 28. Rd1 Kh7 29. Nd5 Kg6 30. Rf2 Rfe8 31. Rf6+ Kg7 32. Nf4 Re7 33. Nxh5+ Kh7 34. Rh6+ Kg8 35. Nf6+ Kg7 36.
h5 Rh8 37. Rxh8 Kxh8 38. b3 a5 39. Rxd6 Kg7 40. Rd8 Re1+ 41. Kb2 b4 42. Rg8# 1-0

[Event "Early-Titled-Tuesday-Blitz-March-12-2024"]
[Site "Chess.com"]
[Date "2024.03.12"]
[Round "4"]
[White "TigrVShlyape"]
[Black "CSB7"]
[Result "1/2-1/2"]
[WhiteElo "2913"]
[BlackElo "2784"]
[TimeControl "180+1"]
[EndTime "8:38:50 PDT"]
[Termination "Game drawn by repetition"]

1. d4 d5 2. Bf4 c5 3. e3 Nc6 4. c3 Qb6 5. Qb3 c4 6. Qc2 e5 7. Bxe5 Bf5 8. Qc1 Nxe5 9. dxe5 f6 10.
e6 Bxe6 11. Nd2 Nh6 12. Ne2 Bc5 13. Nf3 O-O 14. Ned4 Rae8 15. Be2 Nf5 16. O-O Nxd4 17. Nxd4 Bxd4 18. exd4 Qd6 19. Re1 Re7 20. Bf3 Rfe8 21. Qd2 h6 22. Re3 Bf7 23. Rae1 b5 24. a3 a5 25. g3 Rxe3 26. Rxe3 Rxe3 27. Qxe3 b4 28. axb4 axb4 29. h4 Kf8 30. Qe1 bxc3 31. bxc3 Qa3 32.
Kg2 g5 33. hxg5 hxg5 34. Qe3 Kg7 35. Bg4 Kf8 36. Bf5 Qe7 37. Qf3 Qa3 38. Qe3 Qe7 39. Qxe7+ Kxe7 40. Kf3 Kd6 41. Ke3 Bg8 42. f4 Bf7 43.
Kf3 Bh5+ 44. Ke3 Bf7 45. Kf3 Bh5+ 46. Ke3 Bf7 1/2-1/2

[Event "Early-Titled-Tuesday-Blitz-March-12-2024"]
[Site "Chess.com"]
[Date "2024.03.12"]
[Round "4"]
[White "bubeliang"]
[Black "Actuary44"]
[Result "1-0"]
[WhiteElo "2806"]
[BlackElo "2527"]
[TimeControl "180+1"]
[EndTime "8:38:51 PDT"]
[Termination "bubeliang won by resignation"]

1. d4 Nf6 2. Nc3 g6 3. Bf4 d6 4. e3 Bg7 5. h4 O-O 6. h5 Nxh5 7. Rxh5 gxh5 8. Qxh5 e5 9. dxe5 dxe5 10. Bxe5 Bxe5 11.
Qxe5 Qd6 12. Qxd6 cxd6 13. Nb5 Nc6 14. Nxd6 Be6 15. O-O-O b6 16. Nf3 Rfd8 17. Bd3 Rxd6 18.
Bxh7+ Kxh7 19. Rxd6 Nd8 20. Nd4 Kg7 21. f4 Kf6 22. e4 Ke7 23. e5 f5 24. g4 fxg4 25. f5 Bxa2 26. b3 g3 27. Rg6 Nf7 28. Nc6+ Kf8 29.
e6 Bxb3 30. cxb3 Nh8 31. Rxg3 Rc8 32. Rc3 a5 33. Kb2 b5 34. f6 Ng6 35. e7+ Ke8 36. f7+ Kxf7 37. Nd8+ Kxe7 38. Rxc8 Kd7 39. Ra8 a4 40.
bxa4 bxa4 41. Nf7 Ke7 42. Ng5 Kf6 43. Ne4+ Ke5 44. Nc3 Nf4 45. Rxa4 Nd3+ 46. Kc2 Nc5 47. Rc4 Kd6 48. Ne4+ Kd5 49. Rxc5+ 1-0

[Event "Early-Titled-Tuesday-Blitz-March-12-2024"]
[Site "Chess.com"]
[Date "2024.03.12"]
[Round "4"]
[White "venturov"]
[Black "MikeWizard"]
[Result "1-0"]
[WhiteElo "2485"]
[BlackElo "2080"]
[TimeControl "180+1"]
[EndTime "8:38:52 PDT"]
[Termination "venturov won by resignation"]

1. e4 d6 2. Nf3 e5 3. Bc4 Be7 4. d4 Nd7 5. O-O Ngf6 6. Re1 c6 7. a4 Qc7 8. a5 h6 9. h3 g5 10. Nbd2 Nf8 11. Nf1 Ng6 12. Ng3 Nf4 13. c3 Bd7 14. Qb3 Rh7 15. dxe5 dxe5 16. Bxf4 gxf4 17. Nf5 O-O-O 18.
Bxf7 Bxf5 19. exf5 Bc5 20. Be6+ Kb8 21. Nxe5 Rg7 22.
a6 Rd2 23. Qxb7+ Qxb7 24. axb7 Bxf2+ 25. Kf1 Bxe1 26. Bc8 Rxb7 27. Bxb7 Kxb7 28. Rxe1 Rxb2 29. Nxc6 Kxc6 30. Re6+ Kb5 31. Rxf6 a5 32. Rf8 Ka6 33. f6 Rb7 34. f7 Kb5 35. c4+ Kb4 36. c5 a4 37. c6 Rc7 38. Rb8+ Kc5 39. f8=Q+ 1-0

[Event "Early-Titled-Tuesday-Blitz-March-12-2024"]
[Site "Chess.com"]
[Date "2024.03.12"]
[Round "4"]
[White "Roedor"]
[Black "AlexeiShirov"]
[Result "0-1"]
[WhiteElo "2278"]
[BlackElo "2864"]
[TimeControl "180+1"]
[EndTime "8:38:55 PDT"]
[Termination "AlexeiShirov won by resignation"]

1. c4 e6 2. g3 d5 3. Bg2 Nf6 4. d4 Be7 5. Nf3 O-O 6. O-O dxc4 7. h4 a6 8. Ne5 c5 9. dxc5 Qc7 10. Nxc4 Qxc5 11.
b3 Rd8 12. Qc2 Nc6 13. Be3 Nd4 14. Qb2 Ng4 15. Bxd4 Rxd4 16. e3 Rd8 17. Nc3 Rb8 18. Ne4 Qf5 19. Rad1 Bd7 20. Ned6 Qh5 21. Nxb7 Bxh4 22.
Bf3 Bf6 23. Bxg4 Qxg4 24. Ne5 Bxe5 25. Qxe5 Rxb7 26. Rd4 Qf5 27. Qxf5 exf5 28. Rfd1 Kf8 29. Rd6 Ke7 30. Rxa6 Rc8 31. Ra5 Rc2 32. Re5+ Be6 33.
Red5 Bxd5 0-1

[Event "Early-Titled-Tuesday-Blitz-March-12-2024"]
[Site "Chess.com"]
[Date "2024.03.12"]
[Round "4"]
[White "QuintilianoR"]
[Black "pirulillo"]
[Result "1-0"]
[WhiteElo "2734"]
[BlackElo "2289"]
[TimeControl "180+1"]
[EndTime "8:38:57 PDT"]
[Termination "QuintilianoR won on time"]

1. e4 c5 2. Nf3 e6 3. b3 Nc6 4. Bb2 Nh6 5. c4 f6 6. Nc3 Nf7 7. d4 cxd4 8. Nxd4 Bc5 9. Nf3 a6 10. Be2 Qc7 11. O-O O-O 12. Na4 b6 13. a3 Be7 14.
Rc1 Nfe5 15. b4 Nxf3+ 16. Bxf3 Bd6 17. g3 Be5 18. Bg2 Bb7 19. Bc3 d6 20. b5 Na5 21. Bb4 axb5 22. cxb5 Nc4 23. f4 Rxa4 24. Qxa4 Bd4+ 25. Kh1 Rc8 26. Qb3 d5 27. exd5 exd5 28. Rfd1 Bc5 29. Rxd5 Bxb4 30. Qxb4 1-0

[Event "Early-Titled-Tuesday-Blitz-March-12-2024"]
[Site "Chess.com"]
[Date "2024.03.12"]
[Round "4"]
[White "ChessSwole"]
[Black "zenitushka"]
[Result "1-0"]
[WhiteElo "2729"]
[BlackElo "2283"]
[TimeControl "180+1"]
[EndTime "8:38:59 PDT"]
[Termination "ChessSwole won by resignation"]

1. e4 e6 2. d4 d5 3. exd5 exd5 4.
Nf3 Nf6 5. Bd3 Bd6 6. Qe2+ Be6 7. c4 Bb4+ 8. Nc3 O-O 9. O-O dxc4 10. Bxc4 Bxc4 11.
Qxc4 Ba5 12. Bg5 Qd6 13. Rfe1 c6 14. Ne5 Nbd7 15. Nxd7 Nxd7 16. Be7 Qf4 17. Bxf8 Rxf8 18. Re7 Nf6 19. h3 Bb6 20. Rd1 Nh5 21. Rxb7 Qg5 22. Ne4 Qf4 23. Nc5 Qg5 24. Rd3 Nf4 25. Rg3 Qf6 26.
Nd7 Qxd4 27. Qxd4 Bxd4 28. Nxf8 Ne2+ 29. Kh2 Bxf2 30. Rf3 1-0

[Event "Early-Titled-Tuesday-Blitz-March-12-2024"]
[Site "Chess.com"]
[Date "2024.03.12"]
[Round "4"]
[White "Triumphmate"]
[Black "ValentunHulka"]
[Result "1-0"]
[WhiteElo "2527"]
[BlackElo "2714"]
[TimeControl "180+1"]
[EndTime "8:38:59 PDT"]
[Termination "Triumphmate won by resignation"]

1. e4 c5 2. Nf3 Nf6 3. Nc3 d5 4. exd5 Nxd5 5. Bc4 Nxc3 6. bxc3 e6 7. d4 Bd6 8. O-O O-O 9. Bd3 Nd7 10. Rb1 Qc7 11.
Be3 b6 12. Ng5 Nf6 13. Qf3 Bb7 14. Qh3 h6 15. Nf3 Bxf3 16. Qxf3 Bxh2+ 17. Kh1 Bd6 18.
Bxh6 gxh6 19. Qxf6 Bf4 20. Rbe1 Bg5 21. Qf3 Qf4 22. Qxf4 Bxf4 23. Re4 Bg5 24. f4 Bf6 25. f5 cxd4 26. fxe6 fxe6 27. Rxe6 Bg7 28. Rxf8+ Rxf8 29. cxd4 Bxd4 30. Rxh6 Rf6 31. Rh4 Bc5 32. Kh2 a5 33. Kh3 Kg7 34. Rh7+ Kg8 35. Rb7 Rf4 36. g4 Ra4 37. g5 Rxa2 38. Bc4+ 1-0

[Event "Early-Titled-Tuesday-Blitz-March-12-2024"]
[Site "Chess.com"]
[Date "2024.03.12"]
[Round "4"]
[White "wonderfultime"]
[Black "FaustinoOro"]
[Result "1-0"]
[WhiteElo "3068"]
[BlackElo "2904"]
[TimeControl "180+1"]
[EndTime "8:39:01 PDT"]
[Termination "wonderfultime won by resignation"]

1. d4 Nf6 2. Nf3 d5 3. Bf4 Bf5 4. c4 e6 5. Qb3 b6 6. Nc3 c6 7. e3 Bd6 8. Bg5 Nbd7 9. Be2 O-O 10. O-O h6 11. Bh4 Be7 12. Rac1 Ne4 13. Bxe7 Qxe7 14. cxd5 cxd5 15. Nxe4 Bxe4 16. Qa4 Bxf3 17. Bxf3 Nf6 18. Be2 Rac8 19. Ba6 Rc7 20. Rc2 Rxc2 21. Qxc2 Ne4 22. Rc1 f5 23. g3 Qf6 24. Bd3 Ng5 25. Qc7 Rf7 26. Qb8+ Kh7 27. Kg2 Ne4 28. Rc8 Qg5 29. Be2 Re7 30. h4 Qf6 31. Rh8+ Kg6 32. h5+ 1-0